SR
CANONNIERS DE QUEBEC @ VALLEY VIEW COUGARS
07/04/2042
 
TOP OF THE 1ST
Canonniers de Quebec batting - Pitching for Valley View Cougars : RHP Ray Armstrong
Pitching: RHP Ray Armstrong
Batting: RHB Ludwig Mangin 0-0: Called Strike
0-1: Ball
1-1: Swinging Strike
1-2: Ball
2-2: Ball
3-2: Strikes out looking
Batting: RHB Manny Costello 0-0: Ball
1-0: Foul Ball, location: 2F
1-1: Ground out 5-3 (Groundball, 56S, EV 76.9 MPH)
Batting: RHB Nick West 0-0: Ball
1-0: Ball
2-0: Foul Ball, location: 2F
2-1: Foul Ball, location: 2F
2-2: Ball
3-2: Ground out 3-1 (Groundball, 34, EV 104.4 MPH)
Top of the 1st over - 0 runs, 0 hits, 0 errors, 0 left on base; Canonniers de Quebec 0 - Valley View 0
BOTTOM OF THE 1ST
Valley View Cougars batting - Pitching for Canonniers de Quebec : LHP Anthony Dixon
Pitching: LHP Anthony Dixon
Batting: LHB Jeff Booth 0-0: Ground out 1-3 (Groundball, 13, EV 71.9 MPH)
Batting: RHB Joe Johnson 0-0: Ball
1-0: Ball
2-0: Swinging Strike
2-1: Foul Ball, location: 2F
2-2: Foul Ball, location: 2F
2-2: Ball
3-2: SINGLE (Line Drive, 89S, EV 87.5 MPH)
Batting: RHB Jay Harris 0-0: Swinging Strike
0-1: Called Strike
0-2: Strikes out swinging
Batting: SHB Markus Anderson 0-0: Called Strike
0-1: Ball
1-1: Foul Ball, location: 2F
1-2: Ball
2-2: Foul Ball, location: 2F
2-2: Ball
3-2: Foul Ball, location: 2F
3-2: Base on Balls
Joe Johnson to second
Batting: RHB Gabe Joicey 0-0: Foul Ball, location: 2F
0-1: Foul Ball, location: 2F
0-2: Ball
1-2: Ball
2-2: Foul Ball, location: 2F
2-2: Foul Ball, location: 2F
2-2: SINGLE (Line Drive, 89M, EV 102.5 MPH)
Joe Johnson to third
Markus Anderson to second
Batting: RHB Shaun Kingsley 0-0: Fly out, F3 (Line Drive, 3, EV 66.2 MPH)
Bottom of the 1st over - 0 runs, 2 hits, 0 errors, 3 left on base; Canonniers de Quebec 0 - Valley View 0
TOP OF THE 2ND
Canonniers de Quebec batting - Pitching for Valley View Cougars : RHP Ray Armstrong
Batting: RHB Juan Cortéz 0-0: Called Strike
0-1: Ball
1-1: Swinging Strike
1-2: Fly out, F8 (Flyball, 8RXD, EV 98.1 MPH)
Batting: SHB Arturo Costa 0-0: Ball
1-0: Fly out, F7 (Flyball, 78S, EV 89.4 MPH)
Batting: LHB Jake Hill 0-0: SINGLE (Line Drive, 78S, EV 93.8 MPH)
Batting: RHB Jon Branch 0-0: Swinging Strike
0-1: Ball
1-1: Called Strike
1-2: Strikes out swinging
Top of the 2nd over - 0 runs, 1 hit, 0 errors, 1 left on base; Canonniers de Quebec 0 - Valley View 0
BOTTOM OF THE 2ND
Valley View Cougars batting - Pitching for Canonniers de Quebec : LHP Anthony Dixon
Batting: RHB Mark Quick 0-0: Called Strike
0-1: Ball
1-1: Ball
2-1: Ground out 4-3 (Groundball, 4, EV 97.5 MPH)
Batting: RHB Okalani Karri 0-0: Ball
1-0: Ball
2-0: Called Strike
2-1: Ground out 6-3 (Groundball, 6, EV 101.9 MPH)
Batting: RHB Frank Corbett 0-0: Ball
1-0: Fly out, F9 (Flyball, 9D, EV 100.6 MPH)
Bottom of the 2nd over - 0 runs, 0 hits, 0 errors, 0 left on base; Canonniers de Quebec 0 - Valley View 0
TOP OF THE 3RD
Canonniers de Quebec batting - Pitching for Valley View Cougars : RHP Ray Armstrong
Batting: LHB Mark Weber 0-0: Foul Ball, location: 2F
0-1: Foul Ball, location: 2F
0-2: Fly out, F8 (Flyball, 8LD, EV 106.9 MPH)
Batting: RHB Ron Johnson 0-0: Ball
1-0: Ground out 4-3 (Groundball, 4MD, EV 102.5 MPH)
Batting: RHB Ludwig Mangin 0-0: Swinging Strike
0-1: Swinging Strike
0-2: Strikes out swinging
Top of the 3rd over - 0 runs, 0 hits, 0 errors, 0 left on base; Canonniers de Quebec 0 - Valley View 0
BOTTOM OF THE 3RD
Valley View Cougars batting - Pitching for Canonniers de Quebec : LHP Anthony Dixon
Batting: LHB Jeff Booth 0-0: Ball
1-0: Foul Ball, location: 2F
1-1: Ground out 4-3 (Groundball, 4, EV 88.8 MPH)
Batting: RHB Joe Johnson 0-0: Called Strike
0-1: Foul Ball, location: 2F
0-2: Ball
1-2: Ball
2-2: SINGLE (Groundball, 34D, EV 95.6 MPH)
Batting: RHB Jay Harris 0-0: Swinging Strike
0-1: Swinging Strike
0-2: Strikes out swinging
Batting: SHB Markus Anderson 0-0: Called Strike
0-1: Ball
1-1: Called Strike
1-2: Foul Ball, location: 2F
1-2: Fly out, F8 (Flyball, 78D, EV 78.1 MPH)
Bottom of the 3rd over - 0 runs, 1 hit, 0 errors, 1 left on base; Canonniers de Quebec 0 - Valley View 0
TOP OF THE 4TH
Canonniers de Quebec batting - Pitching for Valley View Cougars : RHP Ray Armstrong
Batting: RHB Manny Costello 0-0: Called Strike
0-1: Ground out U3 (Groundball, 34S, EV 83.8 MPH)
Batting: RHB Nick West 0-0: Foul Ball, location: 2F
0-1: Ball
1-1: Ball
2-1: Foul Ball, location: 2F
2-2: Foul Ball, location: 2F
2-2: Ground out 5-3 (Groundball, 56S, EV 94.4 MPH)
Batting: RHB Juan Cortéz 0-0: Ball
1-0: Called Strike
1-1: Foul Ball, location: 2F
1-2: Fly out, F7 (Flyball, 7LS, EV 75.6 MPH)
Top of the 4th over - 0 runs, 0 hits, 0 errors, 0 left on base; Canonniers de Quebec 0 - Valley View 0
BOTTOM OF THE 4TH
Valley View Cougars batting - Pitching for Canonniers de Quebec : LHP Anthony Dixon
Batting: RHB Gabe Joicey 0-0: Called Strike
0-1: Reached on error, E6 (Groundball, 6, EV 98.8 MPH)
Batting: RHB Shaun Kingsley 0-0: Ball
1-0: Foul Ball, location: 2F
1-1: Ball
2-1: SINGLE (Line Drive, 8RS, EV 108.1 MPH)
Gabe Joicey to second
Batting: RHB Mark Quick 0-0: Called Strike
0-1: Foul Ball, location: 2F
0-2: Ball
1-2: Ball
2-2: Strikes out swinging
Batting: RHB Okalani Karri 0-0: Called Strike
0-1: SINGLE (Groundball, 6MD, EV 98.8 MPH)
Gabe Joicey to third
Shaun Kingsley to second
Batting: RHB Frank Corbett 0-0: Called Strike
0-1: Swinging Strike
0-2: Foul Ball, location: 2F
0-2: Ball
1-2: Ball
2-2: Ball
3-2: Strikes out swinging
Batting: LHB Jeff Booth 0-0: Ball
1-0: Called Strike
1-1: Ball
2-1: Called Strike
2-2: Strikes out swinging
Bottom of the 4th over - 0 runs, 2 hits, 1 error, 3 left on base; Canonniers de Quebec 0 - Valley View 0
TOP OF THE 5TH
Canonniers de Quebec batting - Pitching for Valley View Cougars : RHP Ray Armstrong
Batting: SHB Arturo Costa 0-0: Ball
1-0: Fly out, F8 (Flyball, 8LM, EV 78.8 MPH)
Batting: LHB Jake Hill 0-0: Ball
1-0: Called Strike
1-1: Foul Ball, location: 2F
1-2: Strikes out swinging
Batting: RHB Jon Branch 0-0: Fly out, F7 (Flyball, 7S, EV 80.6 MPH)
Top of the 5th over - 0 runs, 0 hits, 0 errors, 0 left on base; Canonniers de Quebec 0 - Valley View 0
BOTTOM OF THE 5TH
Valley View Cougars batting - Pitching for Canonniers de Quebec : LHP Anthony Dixon
Batting: RHB Joe Johnson 0-0: Foul Ball, location: 2F
0-1: Swinging Strike
0-2: Ball
1-2: Ball
2-2: SINGLE (Groundball, 6MS, EV 81.2 MPH) (infield hit)
Batting: RHB Jay Harris 0-0: Ball
1-0: Swinging Strike
1-1: Ball
2-1: Fly out, F7 (Flyball, 78S, EV 83.8 MPH)
Batting: SHB Markus Anderson 0-0: Called Strike
0-1: Ball
1-1: SINGLE (Line Drive, 8RS, EV 102.5 MPH)
Joe Johnson to second
Batting: RHB Gabe Joicey 0-0: Ball
1-0: Called Strike
1-1: Ball
2-1: Foul Ball, location: 2F
2-2: Foul Ball, location: 2F
2-2: DOUBLE (Line Drive, 89XD, EV 102.5 MPH)
Joe Johnson scores
Markus Anderson to third
Runner from 3rd tries for Home, SAFE, no throw by RF
Batting: RHB Shaun Kingsley 0-0: Called Strike
0-1: Ball
1-1: Called Strike
1-2: Ball
2-2: Strikes out swinging
Batting: RHB Mark Quick 0-0: Called Strike
0-1: Ball
1-1: Foul Ball, location: 2F
1-2: Strikes out swinging
Bottom of the 5th over - 2 runs, 3 hits, 0 errors, 1 left on base; Canonniers de Quebec 0 - Valley View 2
TOP OF THE 6TH
Canonniers de Quebec batting - Pitching for Valley View Cougars : RHP Ray Armstrong
Batting: LHB Mark Weber 0-0: Ball
1-0: Ball
2-0: Ground out 6-3 (Groundball, 6M, EV 86.2 MPH)
Batting: RHB Ron Johnson 0-0: Foul Ball, location: 2F
0-1: Fly out, F9 (Flyball, 9LMF, EV 90.0 MPH)
Batting: RHB Ludwig Mangin 0-0: Ball
1-0: Ball
2-0: Foul Ball, location: 2F
2-1: Called Strike
2-2: Foul Ball, location: 2F
2-2: Strikes out swinging, 2-3 out at first.
Top of the 6th over - 0 runs, 0 hits, 0 errors, 0 left on base; Canonniers de Quebec 0 - Valley View 2
BOTTOM OF THE 6TH
Valley View Cougars batting - Pitching for Canonniers de Quebec : LHP Anthony Dixon
Batting: RHB Okalani Karri 0-0: Ground out 6-3 (Groundball, 6, EV 89.4 MPH)
Batting: RHB Frank Corbett 0-0: Ball
1-0: Fly out, F9 (Flyball, 9S, EV 83.1 MPH)
Batting: LHB Jeff Booth 0-0: Ball
1-0: Ball
2-0: Called Strike
2-1: Foul Ball, location: 2F
2-2: Foul Ball, location: 2F
2-2: Foul Ball, location: 2F
2-2: Ball
3-2: Strikes out swinging
Bottom of the 6th over - 0 runs, 0 hits, 0 errors, 0 left on base; Canonniers de Quebec 0 - Valley View 2
TOP OF THE 7TH
Canonniers de Quebec batting - Pitching for Valley View Cougars : RHP Ray Armstrong
Batting: RHB Manny Costello 0-0: Ball
1-0: Ball
2-0: Called Strike
2-1: Foul Ball, location: 2F
2-2: SINGLE (Groundball, 6MD, EV 95.6 MPH)
Batting: RHB Nick West 0-0: Ball
1-0: Called Strike
1-1: Foul Ball, location: 2F
1-2: Foul Ball, location: 2F
1-2: Ball
Manny Costello steals 2nd base (no throw)
2-2: Ball
3-2: Base on Balls
Batting: RHB Juan Cortéz 0-0: Called Strike
0-1: Swinging Strike
0-2: Ball
1-2: Foul Ball, location: 2F
1-2: Ball
2-2: Ball
3-2: SINGLE (Flyball, 7LS, EV 93.8 MPH)
Manny Costello to third
Nick West to second
Runner from 3rd tries for Home, SAFE, throw by LF to home
Batting: SHB Arturo Costa 0-0: Fly out, F4 (Popup, 3DF, EV 47.5 MPH)
Batting: LHB Jake Hill 0-0: Called Strike
0-1: Ball
1-1: Called Strike
1-2: Foul Ball, location: 2F
1-2: Foul Ball, location: 2F
1-2: Ball
2-2: Ball
Wild Pitch!
Nick West to third
Juan Cortéz to second
3-2: Foul Ball, location: 2F
3-2: Foul Ball, location: 2F
3-2: Strikes out looking
Batting: RHB Jon Branch 0-0: Ball
1-0: Called Strike
1-1: Ball
2-1: Ball
3-1: Fly out, F8 (Line Drive, 8RM, EV 96.2 MPH)
Top of the 7th over - 1 run, 2 hits, 0 errors, 2 left on base; Canonniers de Quebec 1 - Valley View 2
BOTTOM OF THE 7TH
Valley View Cougars batting - Pitching for Canonniers de Quebec : LHP Anthony Dixon
Batting: RHB Joe Johnson 0-0: Ball
1-0: Called Strike
1-1: Foul Ball, location: 2F
1-2: Ball
2-2: Foul Ball, location: 2F
2-2: Ball
3-2: Foul Ball, location: 2F
3-2: Strikes out looking
Batting: RHB Jay Harris 0-0: Called Strike
0-1: Called Strike
0-2: Ball
1-2: Ground out 4-3 (Groundball, 4, EV 90.0 MPH)
Batting: SHB Markus Anderson 0-0: Ball
1-0: Ball
2-0: Ground out 5-3 (Groundball, 56, EV 77.5 MPH)
Bottom of the 7th over - 0 runs, 0 hits, 0 errors, 0 left on base; Canonniers de Quebec 1 - Valley View 2
TOP OF THE 8TH
Canonniers de Quebec batting - Pitching for Valley View Cougars : RHP Ray Armstrong
Batting: LHB Mark Weber 0-0: Ball
1-0: Foul Ball, location: 2F
1-1: Swinging Strike
1-2: SINGLE (Groundball, 34, EV 93.8 MPH) (infield hit)
Pitching: RHP Juan Ramírez
Batting: RHB Ron Johnson 0-0: Sac Bunt to 23 - play at first, batter OUT! 3-4
Mark Weber to second
Batting: RHB Ludwig Mangin 0-0: Called Strike
0-1: SINGLE (Groundball, 56D, EV 95.6 MPH)
Mark Weber to third
Pinch Hitting: RHB Cam Lloyd 0-0: Ball
1-0: Fly out, F7 (Flyball, 7, EV 81.9 MPH)
Runner from 3rd tags up, SCORES, throw by LF
Batting: RHB Nick West 0-0: Called Strike
0-1: Fielders Choice at 2nd, 5-4 (Groundball, 56, EV 87.5 MPH)
Top of the 8th over - 1 run, 2 hits, 0 errors, 1 left on base; Canonniers de Quebec 2 - Valley View 2
BOTTOM OF THE 8TH
Valley View Cougars batting - Pitching for Canonniers de Quebec : LHP Anthony Dixon
Now in CF: Jason Longoria
Batting: RHB Gabe Joicey 0-0: SOLO HOME RUN (Flyball, 9D, EV 88.1 MPH), Distance : 372 ft
Batting: RHB Shaun Kingsley 0-0: Ball
1-0: SINGLE (Line Drive, 34D, EV 95.6 MPH)
Batting: RHB Mark Quick 0-0: Sac Bunt to 13S - play at first, batter safe!
Shaun Kingsley to second
Batting: RHB Okalani Karri 0-0: Fielders Choice at 2nd, 5-4 (Groundball, 56S, EV 76.9 MPH)
Shaun Kingsley to third
Batting: RHB Frank Corbett 0-0: Ball
1-0: SINGLE (Groundball, 56D, EV 93.8 MPH)
Shaun Kingsley scores
Okalani Karri to second
Batting: LHB Jeff Booth 0-0: Ball
1-0: Foul Ball, location: 2F
1-1: Ball
2-1: Foul Ball, location: 2F
2-2: Ball
3-2: Fly out, F8 (Flyball, 8LXD, EV 87.5 MPH)
Runner from 2nd tags up, SAFE at 3rd, no throw by CF
Batting: RHB Joe Johnson 0-0: Ball
1-0: Foul Ball, location: 2F
1-1: Ball
2-1: SINGLE (Flyball, 9LS, EV 97.5 MPH)
Okalani Karri scores
Frank Corbett to second
Runner from 2nd tries for 3rd, SAFE, throw by RF made to third
Batting: RHB Jay Harris 0-0: Ball
1-0: Called Strike
1-1: Ball
2-1: Ball
3-1: Foul Ball, location: 2F
3-2: Ground out 6-3 (Groundball, 6, EV 103.1 MPH)
Bottom of the 8th over - 3 runs, 5 hits, 0 errors, 2 left on base; Canonniers de Quebec 2 - Valley View 5
TOP OF THE 9TH
Canonniers de Quebec batting - Pitching for Valley View Cougars : RHP Juan Ramírez
Pitching: LHP Dave Davis
Batting: RHB Juan Cortéz 0-0: Ball
1-0: Swinging Strike
1-1: Ball
2-1: Foul Ball, location: 2F
2-2: Ball
3-2: Ground out 6-3 (Groundball, 56, EV 81.2 MPH)
Batting: SHB Arturo Costa 0-0: Foul Ball, location: 2F
0-1: Called Strike
0-2: Foul Ball, location: 2F
0-2: Ball
1-2: Strikes out looking
Batting: LHB Jake Hill 0-0: Swinging Strike
0-1: Foul Ball, location: 2F
0-2: SINGLE (Groundball, 4MD, EV 95.0 MPH)
Batting: RHB Jon Branch 0-0: SINGLE (Line Drive, 34D, EV 100.0 MPH)
Jake Hill to second
Pinch Hitting: RHB Gael Kerwin 0-0: Foul Ball, location: 2F
0-1: Ball
1-1: Ball
2-1: Called Strike
2-2: Foul Ball, location: 2F
2-2: Fly out, F7 (Flyball, 7, EV 91.2 MPH)
Top of the 9th over - 0 runs, 2 hits, 0 errors, 2 left on base; Canonniers de Quebec 2 - Valley View 5
Friday, March 26th, 2021 - OOTP Baseball 20.8 Build 74